 Dungeon Crawl Stone Soup version 0.27.1-2-g3b301248ec (webtiles) character file.

Game seed: 7937790903716173463

100 raph the Conjurer (level 4, 0/35 HPs)
             Began as a Draconian Conjurer on Oct 2, 2021.
             Slain by Purgy (5 damage)
             ... in a sewer.
             The game lasted 00:05:20 (2106 turns).

raph the Conjurer (Draconian Conjurer)              Turns: 2106, Time: 00:05:20

Health: 0/35       AC:  5    Str:  9    XL:     4   Next: 46%
Magic:  2/7        EV: 12    Int: 19    God:
Gold:   90         SH:  0    Dex: 10    Spells: 2/8 levels left

rFire    . . .     SeeInvis .   b - +3 whip (elec)
rCold    . . .     Faith    .   (no shield)
rNeg     . . .     Spirit   .   (armour unavailable)
rPois    .         Reflect  .   (helmet restricted)
rElec    .         Harm     .   (no cloak)
rCorr    .         Rampage  .   (no gloves)
Will     .....                  (no boots)
Stlth    ++........             (no amulet)
HPRegen  0.11/turn              (no ring)
MPRegen  0.10/turn              (no ring)

@: no status effects
A: AC +5, unfitting armour, cold-blooded
a: no special abilities


You were in a sewer.
You visited 1 branch of the dungeon, and saw 3 of its levels.
You also visited: Sewer.

You collected 90 gold pieces.

Inventory:

Hand Weapons
 b - a +3 whip of electrocution (weapon)
Potions
 a - a potion of curing
 c - a potion of brilliance {unknown}
 d - a potion of resistance {unknown}


   Skills:
 + Level 1.5 Fighting
 + Level 2.4 Dodging
 - Level 1.9 Stealth
 + Level 2.6 Spellcasting
 * Level 4.9 Conjurations


You had 2 spell levels left.
You knew the following spells:

 Your Spells              Type           Power      Damage    Failure   Level
a - Magic Dart            Conj           84%        1d7       2%          1
b - Searing Ray           Conj           42%        3d4       3%          2
c - Dazzling Flash        Conj/Hex       22%        N/A       17%         3

Your spell library contained the following spells:

 Spells                   Type           Power      Damage    Failure   Level
 Fulminant Prism          Conj/Hex       5%         3d7       50%         4
 Iskenderun's Mystic Bla  Conj/Tloc      11%        2d4       50%         4


Dungeon Overview and Level Annotations

Branches:
Dungeon (3/15)              Sewer (1/1)

Altars:

Annotations:
Sewer Purgy


Innate Abilities, Weirdness & Mutations

Your plain brown scales are hard. (AC +5)
You cannot fit into any form of body armour.
You are cold-blooded and may be slowed by cold attacks.


Message History

Purgy is lightly wounded.
Purgy shouts! (Press . to maintain the ray.)
The searing ray hits Purgy!
Purgy is moderately wounded.
Purgy bites you! Purgy claws you but does no damage. Purgy claws you.
The searing ray hits Purgy.
Purgy is heavily wounded.
Purgy bites you but does no damage. Purgy closely misses you. x2
The searing ray misses Purgy.
You finish channeling your searing ray.
Purgy bites you. Purgy claws you but does no damage. x2
Casting: Searing Ray (safe; 3% risk of failure)
Confirm with . or Enter, or press ? or * to list all spells.
Aiming: Searing Ray (safe; 3% risk of failure)
Press: ? - help, Shift-Dir - straight line, f/p - Purgy
Aim: Purgy (moderately wounded, 72% to hit)
The searing ray misses Purgy. (Press . to maintain the ray.) Purgy barely misses you.
Purgy claws you but does no damage. Purgy claws you.
You hit Purgy.
Purgy is heavily wounded.
Purgy bites you. Purgy misses you. Purgy claws you but does no damage.
You barely miss Purgy.
Purgy is heavily wounded.
Purgy bites you. Purgy claws you. x2
* * * LOW HITPOINT WARNING * * *
Purgy bites you but does no damage. Purgy misses you. Purgy claws you.
* * * LOW HITPOINT WARNING * * *
Okay, then.
Okay, then.
As you read the scroll labelled QUIBBO LIOVIC, it crumbles to dust.
It is a scroll of enchant weapon.
Your +2 whip of electrocution glows red for a moment.
Purgy bites you.
* * * LOW HITPOINT WARNING * * *
Purgy barely misses you. Purgy claws you but does no damage.
You barely miss Purgy.
Purgy is lightly wounded.
Purgy bites you.
You die...

### #∩# #.#
+##+##+##.##+##+##+#
...................#####
≈≈≈≈≈≈≈≈≈.≈≈≈≈≈≈≈≈≈#≈≈≈≈
≈≈≈≈≈≈≈≈≈∩≈≈≈≈≈≈≈≈≈#≈≈≈≈
≈≈≈≈≈≈≈≈≈.≈≈≈≈≈≈≈≈≈#≈≈≈≈
.......@T..........#
+##+##+##'##'##'##'#
#†##)##.##.#
#.##.##.##.#
############


You could see Purgy.

Vanquished Creatures
  Jessica (D:2)
  3 adders (D:2)
  A dart slug (D:1)
  An orc (D:2)
  4 endoplasms
  6 giant cockroaches
  2 goblins (D:1)
  A hobgoblin (D:1)
  7 quokkas
  2 ball pythons
  4 bats
  4 frilled lizards
  4 kobolds
  5 rats
45 creatures vanquished.

Notes
Turn   | Place    | Note
-------+----------+-------------------------------------------
     0 | D:1      | raph the Draconian Conjurer began the quest for the Orb.
     0 | D:1      | Reached XP level 1. HP: 14/14 MP: 3/3
   414 | D:1      | Reached XP level 2. HP: 20/20 MP: 5/5
   417 | D:1      | Learned a level 2 spell: Searing Ray
  1058 | D:1      | Found a faded altar of an unknown god.
  1227 | D:2      | Reached XP level 3. HP: 27/27 MP: 6/6
  1231 | D:2      | Learned a level 3 spell: Dazzling Flash
  1460 | D:2      | Noticed Jessica
  1467 | D:2      | Killed Jessica
  1468 | D:2      | Reached skill level 1 in Fighting
  1470 | D:2      | Reached XP level 4. HP: 35/35 MP: 1/7
  1987 | D:3      | Found a glowing drain.
  2034 | Sewer    | Entered a sewer
  2086 | Sewer    | Noticed Purgy
  2106 | Sewer    | Slain by Purgy

Illustrated notes

Levels and vault maps discovered:
D:1:      arrival_zaba_pyramid, layout_basic, basic_ecumenical_altar,
          st_stairs_8, nrook_mini_backslash
D:2:      layout_rooms, uniq_jessica
D:3:      layout_basic, gup_sewer_entry_pipe
Sewer:    kennysheep_door_sewer

Skill      XL: |  1  2  3 |
---------------+----------+-----
Dodging        | 2 |  2.4
Fighting       | 1 |  1.5
Stealth        | |  1.9
Spellcasting   | |  2.6
Conjurations   | |  4.9

Action                   |  1- 3 |  4- 6 || total
-------------------------+-------+-------++-------
Melee: Whip              |    20 |    37 ||    57
       Tailslap          |       |     2 ||     2
 Cast: Magic Dart        |    12 |       ||    12
       Searing Ray       |    10 |     3 ||    13
       Dazzling Flash    |       |     1 ||     1
  Use: Scroll            |       |     5 ||     5
 Stab: Sleeping          |     2 |     2 ||     4
Armor: Skin              |     7 |    21 ||    28
Dodge: Dodged            |     9 |    29 ||    38
